 Dungeon Crawl Stone Soup version 0.14-a0-1378-gf8e6a88 (webtiles) character file.

159 Chiseanne the Charlatan (level 3, 0/31 HPs)
             Began as a Naga Artificer on Dec 8, 2013.
             Slain by a worm (8 damage)
             ... on Level 2 of the Dungeon.
             The game lasted 00:04:47 (2545 turns).

Chiseanne the Charlatan (Naga Artificer)            Turns: 2545, Time: 00:04:48

HP   0/31        AC  2     Str 13      XL: 3   Next: 27%
MP   4/4         EV  9     Int 13      God:
Gold 127         SH  0     Dex 11      Spells:  0 memorised,  2 levels left

rFire  . . .     SeeInvis +     a - +0 short sword
rCold  . . .     Clarity  .     e - +0 leather armour
rNeg   . . .     Conserve .     (no shield)
rPois  +         rCorr    .     (no helmet)
rElec  .         rRot     .     (no cloak)
SustAb . .       Spirit   .     (no gloves)
rMut   +         Warding  .     (no barding)
Saprov . . .     Stasis   .     l - amulet of resist mutation
                                (no ring)
                                q - ring of sustenance

@: very slow, slightly resistant to hostile enchantments, fairly stealthy
A: spit poison, see invisible, deformed body, poison resistance, slowness 2, AC
+1
a: Spit Poison


You were on level 2 of the Dungeon.
You were hungry.

You visited 1 branch of the dungeon, and saw 2 of its levels.

You collected 127 gold pieces.

Inventory:

Hand weapons
 a - a +0,+0 short sword (weapon)
Armour
 e - a +0 leather armour (worn)
Magical devices
 b - a wand of flame (14)
 c - a wand of enslavement (11)
 d - a wand of random effects (15)
Comestibles
 f - a bread ration
Scrolls
 j - a scroll of enchant armour {unknown}
 m - a scroll of remove curse {unknown}
 p - a scroll of teleportation {unknown}
Jewellery
 l - an amulet of resist mutation (around neck)
 q - a ring of sustenance (left hand)
Potions
 g - a potion of brilliance {unknown}
 i - a potion of cure mutation {unknown}
 k - a potion of might {unknown}
 n - a potion of invisibility {unknown}
 o - 2 potions of curing {unknown}
Books
 h - a book of Wizardry

   Spells                             Type                      Level
   Summon Elemental                   Summoning                    4
   Agony                              Necromancy                   5
   Force Lance                        Conjuration                  5
   Fireball                           Conjuration/Fire             5
   Haste                              Charms                       6
   Invisibility                       Hexes                        6


   Skills:
 * Level 1.3 Fighting
 - Level 1.0 Short Blades
 * Level 0.8 Armour
 * Level 2.1 Dodging
 * Level 2.3 Stealth
 * Level 3.3 Evocations


You had 2 spell levels left.
You didn't know any spells.

Dungeon Overview and Level Annotations

Branches:
Dungeon (2/16)

Altars:


Innate Abilities, Weirdness & Mutations

You cannot wear boots.
You can spit poison.
Your serpentine skin is tough (AC +1).
You have supernaturally acute eyesight.
Armour fits poorly on your strangely shaped body.
Your system is resistant to poisons.
You cover ground very slowly.


Message History

A quokka comes into view.
You hit the worm.
The worm is severely wounded.
The worm bites you!
You hit the worm.
The worm is severely wounded.
The worm bites you.
You hit the worm but do no damage.
The worm is severely wounded.
The worm looks more healthy.
You hit the worm but do no damage.
The worm is severely wounded.
You have got your breath back.
The worm bites you!
Your leather armour prevents you from hitting the worm.
The worm is severely wounded.
The quokka bites you.
* * * LOW HITPOINT WARNING * * *
The worm bites you!
You die...

#.# #...# #.... .. #.#
#...# #.... .#. #.# #...#
#.... ..#.. #.# #...#
###.. ...... . #...# #..
......######...#######>.
.....................#..
#......r.................
#..@w............###
########...####### #
#......# # #....#.# #
#....#.# # #....# #
#....# # #.#.## # #.... #


You could see a worm and a quokka.

Vanquished Creatures
  An adder (D:2)
  2 giant geckos
  2 ball pythons (D:1)
  2 bats (D:1)
  A giant cockroach (D:1)
  6 goblins
  2 hobgoblins
  3 jackals (D:1)
  A quokka (D:2)
  2 giant newts (D:1)
  5 rats
27 creatures vanquished.

Vanquished Creatures (collateral kills)
  A giant cockroach (D:2)
  A goblin (D:2)
  A jackal (D:1)
  A kobold (D:2)
  A rat (D:2)
5 creatures vanquished.

Grand Total: 32 creatures vanquished

Notes
Turn   | Place    | Note
--------------------------------------------------------------
     0 | D:1      | Chiseanne, the Naga Artificer, began the quest for the Orb.
     0 | D:1      | Reached XP level 1. HP: 18/18 MP: 1/1
   662 | D:1      | Reached XP level 2. HP: 20/25 MP: 3/3
  2088 | D:2      | Reached XP level 3. HP: 31/31 MP: 4/4
  2545 | D:2      | Slain by a worm

Action                   || total
-------------------------++-------
Melee: Short sword       ||   124
 Abil: Spit Poison       ||     6
Evoke: Wand              ||     5
  Use: Scroll            ||     1
